 Dungeon Crawl Stone Soup version 0.23.2-1-ga50397a6bc (webtiles) character file.

Game seed: 3395591476450728290

522 KamiKatze the Chopper (level 7, -16/67 HPs)
             Began as a Gargoyle Berserker on May 31, 2019.
             Was an Elder of Trog.
             Demolished by an ogre
             ... wielding a +0 giant club
              (25 damage)
             ... on level 4 of the Dungeon.
             The game lasted 00:21:00 (4541 turns).

KamiKatze the Chopper (Gargoyle Berserker)          Turns: 4541, Time: 00:21:00

Health: -16/67     AC: 11    Str: 26    XL:     7   Next: 22%
Magic:  7/7        EV: 11    Int:  8    God:    Trog [****..]
Gold:   146        SH:  0    Dex:  7    Spells: 6/6 levels left

rFire    . . .     SeeInvis .   a - +0 war axe
rCold    . . .     Gourm    .   (no shield)
rNeg     + . .     Faith    .   j - +0 ring mail
rPois    ∞         Spirit   .   E - +0 helmet
rElec    +         Reflect  .   (no cloak)
rCorr    .         Harm     .   (no gloves)
MR       .....                  (no boots)
Stlth    ..........             (no amulet)
HPRegen  0.21/turn              h - ring of attention (curse)
MPRegen  0.10/turn              l - -3 ring of dexterity (curse)

@: berserking, very quick
A: negative energy resistance 1, electricity resistance, unbreathing,
petrification resistance, rot immunity, AC +4
a: Berserk, Trog's Hand, Brothers in Arms, Renounce Religion


You were on level 4 of the Dungeon.
You worshipped Trog.
Trog was greatly pleased with you.
You were not hungry.

You visited 1 branch of the dungeon, and saw 4 of its levels.
You also visited: Sewer.

You collected 146 gold pieces.

Inventory:

Hand Weapons
 a - a +0 war axe (weapon)
 b - a +0 hunting sling
 q - a +0 blowgun
 w - a +0 hand axe
 C - a +0 flail
Missiles
 f - 7 javelins
 g - 184 stones (quivered)
 n - 60 poisoned needles
 r - 16 sling bullets
Armour
 j - a +0 ring mail (worn)
 m - a +0 scale mail
 p - a +1 plate armour
 E - a +0 helmet (worn)
Jewellery
 h - a cursed ring of attention (left hand)
 l - a cursed -3 ring of dexterity (right hand)
Wands
 u - a wand of acid (9)
Scrolls
 k - a scroll of noise {unknown}
 v - a scroll of magic mapping
 x - a scroll of fog {unknown}
 y - 3 scrolls of teleportation {unknown}
 z - 2 scrolls of amnesia {unknown}
 A - a scroll of remove curse {unknown}
Potions
 d - a potion of might
 e - 4 potions of mutation
 i - a potion of cancellation
 o - 3 potions of heal wounds
 s - 3 potions of curing
 t - a potion of haste
 B - a potion of berserk rage
Comestibles
 c - 3 rations
 D - 5 chunks of flesh


   Skills:
 + Level 5.6 Fighting
 * Level 6.2 Axes
 - Level 2.1 Armour
 - Level 1.5 Dodging


You had 6 spell levels left.
You didn't know any spells.
Your spell library was empty.

Dungeon Overview and Level Annotations

Branches:
Dungeon (4/15)
 Temple: D:4-7

Altars:
Dithmenos
Fedhas
Kikubaaqudgha
Ru
Sif Muna
Uskayaw
Vehumet
Wu Jian


Innate Abilities, Weirdness & Mutations

You are resistant to torment.
Your stone body is resilient. (AC +4)
You are immune to poison.
You resist negative energy. (rN+)
You are resistant to electric shocks. (rElec)
You can survive without breathing.
You are immune to petrification.
You are immune to rotting.


Message History

Found a mace and a silver wand.
An ogre comes into view. It is wielding a +0 giant club.
The ogre shouts!
You see here a pair of gloves.
The ogre hits you with a +0 giant club!!
* * * LOW HITPOINT WARNING * * *
Found 21 stones.
You are too injured to fight recklessly!
You are too injured to fight recklessly!
You are too injured to fight recklessly!
You see here a pair of gloves.
A red film seems to cover your vision as you go berserk!
You feel yourself moving faster!
You feel mighty!
You feel a lot more hungry. The ogre hits you with a +0 giant club!
* * * LOW HITPOINT WARNING * * *
Okay, then.
You slash the ogre!
The ogre is heavily wounded.
The ogre hits you with a +0 giant club!!
You die...

###### ##### . #....# #...#
.. #....# #...# ... #....#
#...# ....
########....###...### .....
.......))÷..'....)÷).
#.../#########....#########
#)...[O@..'....+........ #
#.#########....######### .
.( ###### # .#### # ##...#
##..... ....#### #####
........ #.... .....##
#....


You could see an ogre.

Vanquished Creatures
  Sigmund (D:4)
  An orc wizard (D:3)
  A worker ant (D:4)
  Terence (D:3)
  A hound skeleton (D:3)
  Robin (D:4)
  4 gnolls (D:4)
  7 adders
  A river rat (D:3)
  2 oozes (D:3)
  A worm (D:4)
  A dart slug (D:2)
  5 leopard geckos
  8 orcs (D:3)
  7 bats
  10 giant cockroaches
  16 goblins
  12 hobgoblins
  13 jackals
  6 ball pythons
  8 frilled lizards
  17 kobolds
  8 rats
  7 plants (Sewer)
139 creatures vanquished.

Notes
Turn   | Place    | Note
-------+----------+-------------------------------------------
     0 | D:1      | KamiKatze the Gargoyle Berserker began the quest for the
                  | Orb.
     0 | D:1      | Reached XP level 1. HP: 14/14 MP: 1/1
    49 | D:1      | Reached skill level 3 in Axes
    55 | D:1      | Reached XP level 2. HP: 5/19 MP: 2/2
   394 | D:1      | Reached XP level 3. HP: 17/24 MP: 3/3
   443 | D:1      | Reached ** piety under Trog
  1286 | D:2      | Reached XP level 4. HP: 29/29 MP: 4/4
  1409 | D:2      | Reached skill level 4 in Axes
  1589 | D:2      | Found a deep blue altar of Sif Muna.
  2067 | D:3      | Noticed Terence
  2077 | D:3      | Killed Terence
  2150 | D:3      | Found a radiant altar of Vehumet.
  2154 | D:3      | Found a hide-covered altar of Uskayaw.
  2220 | D:3      | Reached XP level 5. HP: 14/34 MP: 5/5
  2349 | D:3      | Found a glowing drain.
  2355 | Sewer    | Entered a sewer
  2399 | Sewer    | Reached *** piety under Trog
  2533 | Sewer    | Reached skill level 5 in Axes
  2924 | Sewer    | Reached XP level 6. HP: 37/40 MP: 6/6
  3406 | D:3      | Found a blossoming altar of Fedhas.
  3406 | D:3      | Found an ancient bone altar of Kikubaaqudgha.
  3565 | D:3      | Found a sacrificial altar of Ru.
  3923 | D:3      | You fall through a shaft!
  3923 | D:4      | Noticed Sigmund
  3938 | D:4      | Killed Sigmund
  3938 | D:4      | Reached skill level 5 in Fighting
  4058 | D:3      | Reached XP level 7. HP: 44/44 MP: 7/7
  4089 | D:3      | Found a shadowy altar of Dithmenos.
  4369 | D:4      | Found an ornate altar of the Wu Jian Council.
  4372 | D:4      | Reached skill level 6 in Axes
  4486 | D:4      | Noticed Robin
  4491 | D:4      | Reached **** piety under Trog
  4503 | D:4      | Killed Robin
  4541 | D:4      | Demolished by an ogre

Skill      XL: |  1  2  3  4  5  6  7 |
---------------+----------------------+-----
Axes           | 3 4 5 6 |  6.2
Fighting       | 4 5 |  5.6
Armour         | |  2.1
Dodging        | |  1.5

Action                   |  1- 3 |  4- 6 |  7- 9 || total
-------------------------+-------+-------+-------++-------
Melee: Hand axe          |   167 |   193 |       ||   360
       War axe           |       |   244 |    59 ||   303
Throw: Stone             |    14 |       |       ||    14
Invok: Berserk           |     1 |     2 |     1 ||     4
       Trog's Hand       |       |     3 |       ||     3
  Use: Scroll            |       |     4 |     7 ||    11
  Eat: Chunk             |     2 |    14 |     1 ||    17
       Ration            |       |       |     1 ||     1
Armor: Animal skin       |    15 |       |       ||    15
       Ring mail         |    56 |   157 |    19 ||   232
Dodge: Dodged            |   101 |   238 |    41 ||   380
